 Dungeon Crawl Stone Soup version 0.27.1-3-gb3d3a73c9e (webtiles) character file.

Game seed: 14967535916000722066

62 MiernyMiazsz the Skirmisher (level 3, -1/34 HPs)
             Began as a Minotaur Fighter on Oct 14, 2021.
             Was a Priest of Uskayaw.
             Slain by a sky beast (6 damage)
             ... on level 2 of the Dungeon.
             The game lasted 00:05:00 (1640 turns).

MiernyMiazsz the Skirmisher (Minotaur Fighter)      Turns: 1640, Time: 00:05:01

Health: -1/34      AC:  7    Str: 21    XL:     3   Next: 85%
Magic:  2/2        EV:  7    Int:  5    God:    Uskayaw [***...]
Gold:   137        SH:  9    Dex:  9    Spells: 2/2 levels left

rFire    . . .     SeeInvis .   a - +0 war axe
rCold    . . .     Faith    .   c - +0 kite shield
rNeg     . . .     Spirit   .   b - +0 scale mail
rPois    .         Reflect  .   (helmet restricted)
rElec    .         Harm     .   (no cloak)
rCorr    .         Rampage  .   (no gloves)
Will     .....                  (no boots)
Stlth    ..........             (no amulet)
HPRegen  0.11/turn              (no ring)
MPRegen  0.08/turn              (no ring)

@: no status effects
A: horns 2, retaliatory headbutt
a: Renounce Religion, Stomp, Line Pass


You were on level 2 of the Dungeon.
You worshipped Uskayaw.
Uskayaw was noncommittal.
You visited 1 branch of the dungeon, and saw 3 of its levels.

You collected 137 gold pieces.

Inventory:

Hand Weapons
 a - a +0 war axe (weapon)
 h - a +0 club
Armour
 b - a +0 scale mail (worn)
 c - a +0 kite shield (worn)
Scrolls
 e - 2 scrolls of amnesia
 g - a scroll of immolation {unknown}
 i - a scroll of identify {unknown}
 k - 2 scrolls of teleportation {unknown}
 l - a scroll of enchant weapon {unknown}
 m - a scroll of fog {unknown}
Potions
 d - a potion of might
 f - a potion of degeneration {unknown}
 j - a potion of magic {unknown}


   Skills:
 + Level 4.4 Fighting
 + Level 3.1 Axes
 + Level 4.2 Armour
 + Level 0.2 Dodging
 + Level 0.1 Stealth
 + Level 4.2 Shields


You had 2 spell levels left.
You didn't know any spells.
Your spell library contained the following spells:

 Spells                   Type           Power      Damage    Failure   Level
 Static Discharge         Conj/Air       0%         N/A       100%        2
 Dispel Undead            Necr           0%         3d6       100%        4
 Sticky Flame             Conj/Fire      0%         2d3       100%        4


Dungeon Overview and Level Annotations

Branches:
Dungeon (3/15)

Altars:
Uskayaw
Xom


Innate Abilities, Weirdness & Mutations

You have a pair of horns on your head.
You reflexively headbutt those who attack you in melee.


Message History

Deactivating autopickup; reactivate with Ctrl-A.
Something hits you. Something shocks you.
The jackal bites you but does no damage.
You barely miss the jackal. Your headbutt misses the jackal.
The jackal is lightly wounded.
You completely miss something. Something hits you but does no damage.
The jackal bites you but does no damage.
Something hits you but does no damage. You block the jackal's attack.
Your shield prevents you from hitting the jackal.
You headbutt the jackal, but do no damage.
The jackal is lightly wounded.
You slash something! You block the jackal's attack.
Something hits you but does no damage.
The jackal bites you but does no damage.
Uskayaw will force your foes to helplessly watch your dance.
Uskayaw prepares the audience for your solo!
The helpless jackal fails to defend itself.
You hit the jackal. You headbutt the jackal.
The jackal is almost dead.
You hit something but do no damage.
The jackal is no longer paralysed.
You block the jackal's attack. Something hits you but does no damage.
The jackal bites you. Something hits you but does no damage.
You slash the jackal!
You kill the jackal!
You hit something but do no damage. Something hits you but does no damage.
Something hits you.
* * * LOW HITPOINT WARNING * * *
Something shocks you.
* * * LOW HITPOINT WARNING * * *
Something hits you but does no damage.
There is a stone staircase leading up here.
You can't go down here!
You block something's attack.
You climb upwards.
Reactivating autopickup.
There is a stone staircase leading down here.
Something hits you.
* * * LOW HITPOINT WARNING * * *
Something shocks you.
You die...

#.######### #.........#
####.#######.# #......#
#.# #.##.#.#####.###
#.##.#.........#
########.##.#######.#.#
####........##.#.....#.#.#
...'............@>##.#.#.#
.###........#..#.###.#.#.#
.# #........#......#.#.#.#
.# #........#.##..#..#.#.#
.# #........#.##.....#.#.#
.# ########.#........#.#.#
.# #.#####....#.#.# .#
#.#######..#.#.# .#
#..........#.#.#


There were no monsters in sight!

Vanquished Creatures
  A gnoll (D:1)
  An adder (D:2)
  A dart slug (D:2)
  6 bats
  5 endoplasms
  A giant cockroach (D:2)
  A goblin (D:1)
  2 hobgoblins (D:2)
  8 jackals
  2 kobolds (D:1)
  A quokka (D:1)
  5 ball pythons
  3 rats (D:1)
37 creatures vanquished.

Notes
Turn   | Place    | Note
-------+----------+-------------------------------------------
     0 | D:1      | MiernyMiazsz the Minotaur Fighter began the quest for the
                  | Orb.
     0 | D:1      | Reached XP level 1. HP: 19/19 MP: 0/0
   112 | D:1      | Reached XP level 2. HP: 27/27 MP: 1/1
   144 | D:1      | Found a faded altar of an unknown god.
   158 | D:1      | Became a worshipper of Uskayaw the Reveller
   158 | D:1      | Reached * piety under Uskayaw
   183 | D:1      | Reached ** piety under Uskayaw
   566 | D:1      | Reached XP level 3. HP: 33/33 MP: 2/2
   628 | D:2      | Found a shimmering altar of Xom.
  1617 | D:3      | Noticed a sky beast
  1633 | D:3      | Reached *** piety under Uskayaw
  1640 | D:2      | Slain by a sky beast

Illustrated notes

Levels and vault maps discovered:
D:1:      dpeg_arrival_tiny_d, layout_basic, ebering_ecumenical_altar_abandoned
D:2:      layout_basic, basic_altar
D:3:      layout_basic, mainiacjoe_overflow_boulevard, serial_shops,
          nicolae_shop_temple_entry_statues_fountains,
          gammafunk_ghost_nasty_kobolds

Skill      XL: |  1  2  3 |
---------------+----------+-----
Fighting       | 4 |  4.4
Armour         | 4 |  4.2
Shields        | 4 |  4.2
Axes           | 3 |  3.1
Dodging        | |  0.2
Stealth        | |  0.1

Action                   || total
-------------------------++-------
Melee: War axe           ||    70
       Headbutt          ||     9
  Use: Scroll            ||     1
 Stab: Paralysed         ||     1
Armor: Scale mail        ||    52
Dodge: Dodged            ||    19
Block: Kite shield       ||    51
